 Dungeon Crawl Stone Soup version 0.31-a0-716-gc7603755dd (webtiles) character file.

Game seed: 15453481290788214586

74 ceneti the Covered (level 4, -7/39 (40) HPs)
             Began as a Minotaur Fighter on Sept 10, 2023.
             Mangled by Crazy Yiuf
             ... wielding a +2 quarterstaff of chaos
              (10 damage)
             ... on level 2 of the Dungeon.
             The game lasted 00:01:57 (1378 turns).

ceneti the Covered (Minotaur Fighter)               Turns: 1378, Time: 00:01:57

HP:   -7/39 (40)    AC:  8    Str: 23    XL:     4   Next: 9%
MP:   3/3           EV: 10    Int:  5    God:
Gold: 140           SH:  4    Dex:  9    Spells: 3/3 levels left

rFire   . . .        a - +0 war axe
rCold   + . .        c - +0 buckler
rNeg    . . .        b - +0 scale mail
rPois   .            (helmet restricted)
rElec   .            i - +0 cloak
rCorr   +            (no gloves)
SInv    .            (no boots)
Will    .....        (no amulet) Stlth
                     l - ring of protection from cold
HPRegen 0.26/turn    h - ring of resist corrosion
MPRegen 0.08/turn

%: no passive effects
@: lightly drained
A: horns 2, retaliatory headbutt
a: no special abilities


You were on level 2 of the Dungeon.
You visited 1 branch of the dungeon, and saw 2 of its levels.

You collected 140 gold pieces.

Inventory:

Hand Weapons
 a - a +0 war axe (weapon)
Armour
 b - a +0 scale mail (worn)
 c - a +0 buckler (worn)
 i - a +0 cloak (worn)
Jewellery
 g - a ring of fire
 h - a ring of resist corrosion (right hand)
 l - a ring of protection from cold (left hand)
Scrolls
 k - a scroll of teleportation
Potions
 d - a potion of might
 e - 3 potions of enlightenment
 f - 2 potions of curing {unknown}
 j - 2 potions of mutation {unknown}


   Skills:
 + Level 4.2 Fighting
 + Level 3.1 Axes
 + Level 4.2 Armour
 + Level 1.6 Dodging
 + Level 4.2 Shields


You had 3 spell levels left.
You didn't know any spells.
Your spell library was empty.

Dungeon Overview and Level Annotations

Branches:
Dungeon (2/15)

Altars:
Yredelemnul

Annotations:
D:2 Crazy Yiuf


Innate Abilities, Weirdness & Mutations

You have a pair of horns on your head.
You reflexively headbutt those who attack you in melee.


Message History

No target in view!
No target in view!
No target in view!
You see here a bat corpse.
k - a scroll of teleportation
l - a ring of protection from cold
l - a ring of protection from cold (left hand)
You see here a +0 ring mail.
Things that are here:
a +0 club; a goblin skeleton
Found three hammers.
Found a runed translucent door.
Okay, then.
Nothing quivered!
Unknown command.
Unknown command.
h - a ring of resist corrosion (right hand) Unknown command.
Unknown command.
Crazy Yiuf shouts!
Found a hammer.
You open the door.
Crazy Yiuf cries, "You leg down broken song, no?"
You hit Crazy Yiuf but do no damage.
Crazy Yiuf hits you with a +2 quarterstaff of chaos.
You feel drained.
Crazy Yiuf hits you with a +2 quarterstaff of chaos!
You slash Crazy Yiuf!
Crazy Yiuf is moderately wounded.
Crazy Yiuf twirls on the spot.
Crazy Yiuf hits you with a +2 quarterstaff of chaos!
Space warps around you.
* * * LOW HITPOINT WARNING * * *
You barely miss Crazy Yiuf. You headbutt Crazy Yiuf.
Crazy Yiuf is severely wounded.
Crazy Yiuf hits you with a +2 quarterstaff of chaos.
* * * LOW HITPOINT WARNING * * *
You hit Crazy Yiuf. You headbutt Crazy Yiuf.
Crazy Yiuf is almost dead.
Crazy Yiuf hits you with a +2 quarterstaff of chaos!
You die...

##### #)..#
#..)# )).
#g# ####
♣@♣♣ #..#
♣♣.♣ #..#
♣.♣♣ #..#
♣♣.♣
########..#
♣♣.♣♣
#...##....#
♣♣...♣
#...#..##.##
♣....♣
#.....###...
#. #....#
#......##...
#.. #....#
###.........


You could see Crazy Yiuf.

Vanquished Creatures
  Jessica (D:2)
  4 endoplasms
  A giant cockroach (D:2)
  5 hobgoblins
  2 jackals (D:1)
  4 kobolds
  2 quokkas (D:2)
  6 ball pythons
  8 bats
  2 frilled lizards
  5 goblins
  3 rats
43 creatures vanquished.

Notes
Turn   | Place    | Note
-------+----------+-------------------------------------------
     0 | D:1      | ceneti the Minotaur Fighter began the quest for the Orb.
     0 | D:1      | Reached XP level 1. HP: 19/19 MP: 0/0
   129 | D:1      | Reached XP level 2. HP: 24/27 MP: 1/1
   317 | D:1      | Reached skill level 1 in Dodging
   442 | D:1      | Reached XP level 3. HP: 32/33 MP: 2/2
   475 | D:1      | Found a faded altar of an unknown god.
   770 | D:2      | Noticed Jessica
   780 | D:2      | Killed Jessica
  1132 | D:2      | Found a basalt altar of Yredelemnul.
  1156 | D:2      | Reached XP level 4. HP: 29/40 MP: 3/3
  1369 | D:2      | Found a runed translucent door.
  1371 | D:2      | Noticed Crazy Yiuf
  1378 | D:2      | Mangled by Crazy Yiuf

Illustrated notes

Levels and vault maps discovered:
D:1:      kilobyte_arrival_exit_the_forest, layout_rooms, serial_rivers,
          chequers_serial_rivers_marsh, chequers_serial_rivers_small_b,
          chequers_serial_rivers_large_b, chequers_serial_rivers_micro_b,
          chequers_serial_rivers_micro_a, chequers_serial_rivers_micro_e,
          shapermc_ecumenical_altar_hornbeckon
D:2:      layout_rooms, basic_altar, hangedman_decor_growths,
          corexii_hall_statues_l, minmay_misc_feat_enclosed, uniq_jessica,
          uniq_crazy_yiuf_cottage

Skill      XL: |  1  2  3 |
---------------+----------+-----
Dodging        | 1 |  1.6
Fighting       | 4 |  4.2
Shields        | 4 |  4.2
Armour         | 4 |  4.2
Axes           | 3 |  3.1

Action                     |  1- 3 |  4- 6 || total
---------------------------+-------+-------++-------
  Melee: War axe           |    86 |    12 ||    98
         Headbutt          |     7 |     4 ||    11
    Use: Scroll            |     3 |       ||     3
         Potion            |     1 |       ||     1
 Armour: Scale mail        |    68 |     8 ||    76
  Dodge: Dodged            |    48 |     3 ||    51
  Block: Buckler           |    21 |     2 ||    23

Table legend: (Time is in decaauts)
 A = Elapsed time spent in this place.
 B = Non-inter-level travel time spent in this place.
 C = Inter-level travel time spent in this place.
 D = Time resting spent in this place.
 E = Time spent auto-exploring this place.
 F = Levels seen in this place.
 G = Mean time per level.
                   A        B        C        D        E       F      G
               +--------+--------+--------+--------+--------+-----+--------+
         Total |   1466 |   1450 |     16 |      0 |   1169 |   2 |  733.0 |
       Dungeon |   1466 |   1450 |     16 |      0 |   1169 |   2 |  733.0 |
               +--------+--------+--------+--------+--------+-----+--------+

Top non-repeatable levels by time:
     D:1: 843 daAuts
     D:2: 623 daAuts
